 Dungeon Crawl Stone Soup version 0.20.1-1-g8b1a95d (webtiles) character file.

20 Reinor the Ducker (level 2, 6/13 HPs)
             Began as a Spriggan Earth Elementalist on July 9, 2017.
             Quit the game on level 2 of the Dungeon.
             The game lasted 00:06:28 (1158 turns).

Reinor the Ducker (Spriggan Earth Elementalist)     Turns: 1158, Time: 00:06:29

Health: 6/13       AC:  2    Str:  4    XL:     2   Next: 58%
Magic:  1/7        EV: 19    Int: 16    God:
Gold:   58         SH:  0    Dex: 16    Spells: 4/7 levels left

rFire    . . .     SeeInvis +   m - -2 dagger (curse)
rCold    . . .     Gourm    .   (shield restricted)
rNeg     . . .     Faith    .   c - +0 robe
rPois    .         Spirit   .   (helmet restricted)
rElec    .         Reflect  .   (no cloak)
rCorr    .         Harm     .   (gloves unavailable)
MR       .....                  (boots unavailable)
Stlth    ++........             (no amulet)
Regen    0.1/turn               (no ring)
MPRegen  0.1/turn               (no ring)

@: very quick
A: unfitting armour, see invisible, herbivore 3, speed 3, slow metabolism 2
a: no special abilities


You were on level 2 of the Dungeon.
You were not hungry.

You visited 1 branch of the dungeon, and saw 2 of its levels.

You collected 58 gold pieces.

Inventory:

Hand Weapons
 m - a cursed -2 dagger (weapon)
Missiles
 b - 28 stones (quivered)
 i - 6 poisoned needles
Armour
 c - a +0 robe (worn)
Jewellery
 l - an uncursed ring of ice
Scrolls
 a - 4 scrolls of identify {unknown}
 h - a scroll of teleportation {unknown}
 k - a scroll of fog {unknown}
Potions
 f - a potion of haste {unknown}
 j - a potion of heal wounds {unknown}
Books
 e - a book of Geomancy

   Spells                             Type                      Level
   a - Sandblast                      Earth                        1
   b - Passwall                       Transmutation/Earth          2
   c - Stone Arrow                    Conjuration/Earth            3
   d - Petrify                        Transmutation/Earth          4
   e - Lee's Rapid Deconstruction     Earth                        5
Comestibles
 d - 2 bread rations
 g - a royal jelly


   Skills:
 + Level 3.4 Dodging
 + Level 3.2 Stealth
 + Level 0.1 Unarmed Combat
 + Level 3.0 Spellcasting
 + Level 1.3 Transmutations
 + Level 3.1 Earth Magic


You had 4 spell levels left.
You knew the following spells:

 Your Spells              Type           Power        Failure   Level  Hunger
a - Sandblast             Erth           ##....       4%          1    #......
b - Passwall              Tmut/Erth      #.........   11%         2    ##.....


Dungeon Overview and Level Annotations

Branches:
Dungeon (2/15)

Altars:

Annotations:
D:2 Terence


Innate Abilities, Weirdness & Mutations

You are very small and have problems with some larger weapons.
You are too small for most types of armour.
You have supernaturally acute eyesight. (SInv)
You are a herbivore.
You cover ground extremely quickly.
You need consume almost no food.


Message History

Terence misses you.
Casting: Sandblast
Confirm with . or Enter, or press ? or * to list all spells.
Aiming: Sandblast
Press: ? - help, Shift-Dir - straight line, f/p - Terence
Aim: Terence, wielding a mace and wearing a scale mail (moderately wounded)
The blast of sand hits Terence.
Terence is moderately wounded.
b - 29 stones Terence completely misses you.
Casting: Sandblast
Confirm with . or Enter, or press ? or * to list all spells.
Aiming: Sandblast
Press: ? - help, Shift-Dir - straight line, f/p - Terence
Aim: Terence, wielding a mace and wearing a scale mail (moderately wounded)
The blast of sand hits Terence.
Terence is heavily wounded.
b - 28 stones
There is a stone staircase leading up here.
Are you sure you want to abandon this character and quit the game? (Confirm with "yes".)

#. #. #. #.
######### #.
#.......# #.
#.......#
#.##....†..#
#..........#
####.@..@..#
#.......#
#.......#
####.####
#.#
##.####.###
..........#
.#.####.#.#
#.#<#


You could see Terence.

Vanquished Creatures
  An ooze (D:1)
  A dart slug (D:1)
  2 giant cockroaches (D:1)
  2 goblins
  3 hobgoblins (D:1)
  A kobold (D:1)
  A bat (D:1)
  A frilled lizard (D:1)
12 creatures vanquished.

Notes
Turn   | Place    | Note
-------+----------+-------------------------------------------
     0 | D:1      | Reinor the Spriggan Earth Elementalist began the quest for the Orb.
     0 | D:1      | Reached XP level 1. HP: 9/9 MP: 5/5
   276 | D:1      | Reached XP level 2. HP: 13/13 MP: 3/6
   280 | D:1      | Learned a level 2 spell: Passwall
  1141 | D:2      | Noticed Terence
  1158 | D:2      | Quit the game

Skill      XL: |  1  2 |
---------------+-------+-----
Earth Magic    | 3 |  3.1
Spellcasting   | 3 |  3.0
Dodging        | |  3.4
Stealth        | |  3.2
Unarmed Combat | |  0.1
Transmutations | |  1.3

Action                   || total
-------------------------++-------
Melee: Unarmed           ||    26
       Dagger            ||     3
 Cast: Sandblast         ||    29
       Passwall          ||     2
 Stab: Sleeping          ||     3
Armor: Robe              ||     3
Dodge: Dodged            ||    33
